 Dungeon Crawl Stone Soup version 0.26-a0-812-g31a745ddcd (webtiles) character file.

Game seed: 4226967000363315282

64 kae the Insei (level 4, -4/25 HPs)
             Began as a Tengu Transmuter on Nov 23, 2020.
             Slain by a gnoll
             ... wielding a +0 club
              (6 damage)
             ... on level 1 of the Dungeon.
             The game lasted 00:00:50 (1823 turns).

kae the Insei (Tengu Transmuter)                    Turns: 1823, Time: 00:00:51

Health: -4/25      AC:  3    Str: 12    XL:     4   Next: 12%
Magic:  8/8        EV: 13    Int: 13    God:
Gold:   61         SH:  0    Dex: 14    Spells: 6/7 levels left

rFire    . . .     SeeInvis .     - Unarmed
rCold    . . .     Faith    .   (no shield)
rNeg     . . .     Spirit   .   a - +1 robe
rPois    .         Reflect  .   (helmet restricted)
rElec    .         Harm     .   (no cloak)
rCorr    .         Rampage  .   (no gloves)
MR       .....                  (boots unavailable)
Stlth    +.........             (no amulet)
HPRegen  0.08/turn              (no ring)
MPRegen  0.11/turn              (no ring)

@: no status effects
A: beak, talons 3
a: no special abilities


You were on level 1 of the Dungeon.
You visited 1 branch of the dungeon, and saw 2 of its levels.

You collected 61 gold pieces.

Inventory:

Armour
 a - a +1 robe (worn)
Scrolls
 b - 5 scrolls of teleportation
 d - a scroll of enchant armour
Potions
 f - a potion of attraction {unknown}


   Skills:
 + Level 1.4 Fighting
 + Level 1.1 Armour
 + Level 2.6 Dodging
 * Level 3.9 Unarmed Combat
 + Level 2.2 Spellcasting
 * Level 2.2 Transmutations


You had 6 spell levels left.
You knew the following spells:

 Your Spells              Type           Power        Failure   Level
a - Beastly Appendage     Tmut           #.....       10%         1

Your spell library contained the following spells:

 Spells                   Type           Power        Failure   Level
 Wereblood                Tmut           #.......     16%         2
 Spider Form              Tmut/Pois      #.........   43%         3
 Ice Form                 Ice/Tmut       #.......     83%         4
 Blade Hands              Tmut           #.........   95%         5


Dungeon Overview and Level Annotations

Branches:
Dungeon (2/15)

Altars:


Innate Abilities, Weirdness & Mutations

You have a beak for a mouth.
You have claws for feet.


Message History

There is a stone staircase leading up here.
A bat comes into view.
The bat closely misses you. The bat closely misses you. The bat hits you.
* * * LOW HITPOINT WARNING * * *
The bat barely misses you. The bat hits you.
* * * LOW HITPOINT WARNING * * *
The bat hits you.
* * * LOW HITPOINT WARNING * * *
You see here an adder skeleton.
The bat hits you but does no damage. x2
There is a stone staircase leading up here.
The bat misses you. The gnoll hits you with a +0 club.
* * * LOW HITPOINT WARNING * * *
You climb upwards.
There is a stone staircase leading down here.
The gnoll hits you with a +0 club.
You die...

####....####.######.#.#
...####§§###........#.#
......##§§###########.#
##.....##§§# #.#
.###....##§## #.#
...##....#§§# ######.##
.........##§# #.......#
######....#§# #.#######
.....##...#.####@#
##....#...#....g>#
.#....#...#.######
.#....#...#.############
##...##...#............#
#....#....#.##########.#
....##...##.#........#.#
...##....#..#.######.#.#
.###....##..#.# #.#.#


You could see a gnoll.

Vanquished Creatures
  2 adders (D:2)
  2 oozes
  A worm (D:2)
  2 dart slugs (D:1)
  A leopard gecko (D:1)
  2 ball pythons (D:1)
  3 bats (D:1)
  3 giant cockroaches (D:1)
  4 goblins (D:1)
  3 hobgoblins
  2 frilled lizards (D:1)
  3 kobolds (D:1)
  3 rats (D:1)
31 creatures vanquished.

Notes
Turn   | Place    | Note
-------+----------+-------------------------------------------
     0 | D:1      | kae the Tengu Transmuter began the quest for the Orb.
     0 | D:1      | Reached XP level 1. HP: 12/12 MP: 4/4
   517 | D:1      | Reached XP level 2. HP: 15/16 MP: 4/6
   819 | D:1      | Reached XP level 3. HP: 10/20 MP: 5/7
  1378 | D:1      | Reached skill level 1 in Armour
  1794 | D:2      | Reached XP level 4. HP: 10/25 MP: 6/8
  1823 | D:1      | Slain by a gnoll

Illustrated notes

Levels and vault maps discovered:
D:1:      dpeg_arrival_circle_labyrinth_c, layout_basic
D:2:      layout_rooms, uniq_natasha

Skill      XL: |  1  2  3 |
---------------+----------+-----
Transmutations | 2 |  2.2
Armour         | 1 |  1.1
Fighting       | |  1.4
Dodging        | |  2.6
Unarmed Combat | |  3.9
Spellcasting   | |  2.2

Action                   |  1- 3 |  4- 6 || total
-------------------------+-------+-------++-------
Melee: Unarmed           |    76 |       ||    76
       Kick              |    19 |       ||    19
       Peck              |     9 |       ||     9
       Headbutt          |     9 |       ||     9
 Cast: Beastly Appendage |    15 |       ||    15
  Use: Scroll            |     5 |       ||     5
Armor: Robe              |    11 |     2 ||    13
Dodge: Dodged            |    56 |     4 ||    60

Table legend: (Time is in decaauts)
 A = Elapsed time spent in this place.
 B = Non-inter-level travel time spent in this place.
 C = Inter-level travel time spent in this place.
 D = Time resting spent in this place.
 E = Time spent auto-exploring this place.
 F = Levels seen in this place.
 G = Mean time per level.
                   A        B        C        D        E       F      G
               +--------+--------+--------+--------+--------+-----+--------+
         Total |   1818 |   1807 |     11 |      0 |   1598 |   2 |  909.0 |
       Dungeon |   1818 |   1807 |     11 |      0 |   1598 |   2 |  909.0 |
               +--------+--------+--------+--------+--------+-----+--------+

Top non-repeatable levels by time:
     D:1: 1592 daAuts
     D:2: 226 daAuts
